 Dungeon Crawl Stone Soup version 0.29-a0-266-gf56f883ddd (webtiles) character file.

Game seed: 12014957679751017676

5957 jmlagarto the Cleaver (level 10, -11/91 HPs)
             Began as a Hill Orc Fighter on Mar 6, 2022.
             Was a High Priest of Lugonu.
             Shot with an arrow by a centaur warrior (12 damage)
             ... on level 9 of the Dungeon.
             The game lasted 00:27:02 (9896 turns).

jmlagarto the Cleaver (Hill Orc Fighter)            Turns: 9896, Time: 00:27:03

Health: -11/91     AC: 21    Str: 24    XL:     10   Next: 84%
Magic:  10/10      EV: 23    Int:  8    God:    Lugonu [*****.]
Gold:   377        SH:  6    Dex: 10    Spells: 9/9 levels left

rFire   . . .      SeeInvis .   C - +1 hand axe (flame)
rCold   . . .      Faith    .   c - +1 buckler
rNeg    . . .      Spirit   .   g - +1 chain mail {rPois}
rPois   +          Reflect  .   m - +1 hat
rElec   .          Harm     .   p - +1 cloak
rCorr   .          Rampage  .   u - +1 pair of gloves
Will    .....                   t - +2 pair of boots
Stlth   ..........              l - amulet of the acrobat
HPRegen 0.25/turn               (no ring)
MPRegen 0.12/turn               (no ring)

@: about to teleport, acrobatic
A: no striking features
a: Renounce Religion, Depart the Abyss, Bend Space, Banish, Corrupt, Enter the
Abyss


You were on level 9 of the Dungeon.
You worshipped Lugonu.
Lugonu was extremely pleased with you.
You visited 1 branch of the dungeon, and saw 9 of its levels.

You collected 377 gold pieces.

Inventory:

Hand Weapons
 a - a +0 war axe
 d - a +1 flail of holy wrath
 f - a +0 hand axe
 o - a +1 dagger of freezing
 B - a +2 short sword of electrocution
 C - a +1 hand axe of flaming (weapon)
Missiles
 j - 313 stones (quivered)
 s - 6 boomerangs
Armour
 b - a +0 scale mail
 c - a +1 buckler (worn)
 e - an orb of guile
 g - a +1 chain mail of poison resistance (worn)
 m - a +1 hat (worn)
 p - a +1 cloak (worn)
 t - a +2 pair of boots (worn)
 u - a +1 pair of gloves (worn)
 E - a +0 helmet
Jewellery
 l - an amulet of the acrobat (around neck)
Wands
 w - a wand of digging (3)
 x - a wand of polymorph (14)
 A - a wand of acid (7)
 D - a wand of iceblast (7)
Scrolls
 r - a scroll of fog
 v - a scroll of identify
 z - 3 scrolls of teleportation
 F - a scroll of fear
Potions
 h - 2 potions of brilliance
 i - a potion of lignification
 n - 2 potions of curing
 q - 3 potions of mutation


   Skills:
 + Level 9.0 Fighting
 + Level 13.5 Axes
 + Level 0.1 Throwing
 + Level 9.1 Armour
 + Level 2.2 Dodging
 - Level 0.2 Stealth
 + Level 7.0 Shields


You had 9 spell levels left.
You didn't know any spells.
Your spell library contained the following spells:

 Spells                   Type           Power      Damage    Failure   Level
 Animate Skeleton         Necr           0%         N/A       97%         1
 Pain                     Necr           0%         1d4       97%         1
 Slow                     Hex            0%         N/A       97%         1
 Confusing Touch          Hex            0%         N/A       100%        3
 Gell's Gravitas          Tloc           0%         N/A       100%        3
 Lesser Beckoning         Tloc           0%         N/A       100%        3
 Teleport Other           Tloc           0%         N/A       100%        3
 Vampiric Draining        Necr           0%         2d6       100%        3
 Hailstorm                Conj/Ice       0%         3d3       100%        4
 Ice Form                 Ice/Tmut       0%         N/A       100%        4
 Summon Lightning Spire   Summ/Air       0%         N/A       100%        4
 Simulacrum               Ice/Necr       0%         N/A       100%        6
 Storm Form               Tmut/Air       0%         N/A       100%        7
 Maxwell's Capacitive Co  Air            0%         ∞         100%        8


Dungeon Overview and Level Annotations

Branches:
Dungeon (9/15)             Temple (0/1) D:7            Lair (0/6) D:8
    Orc: D:9-12

Altars:
Cheibriados
Elyvilon
Hepliaklqana
Makhleb
Nemelex Xobeh
Okawaru
Qazlal
Sif Muna
Trog
Uskayaw
Vehumet
Xom
The Shining One
Lugonu

Shops:
D:1 (   D:2 *   D:5 *   D:6 [

Annotations:
D:8 2 transporters


Message History

The centaur warrior barely misses you.
The centaur warrior kicks you but does no damage.
The centaur warrior hits you but does no damage.
The centaur warrior kicks you but does no damage.
You hit the centaur warrior. You burn the centaur warrior.
The centaur warrior is moderately wounded.
You hit the centaur warrior. You burn the centaur warrior.
You block the centaur warrior's attack. The centaur warrior kicks you.
You hit the centaur warrior but do no damage.
The centaur warrior is moderately wounded.
You hit the centaur warrior. You burn the centaur warrior.
The centaur warrior hits you but does no damage.
The centaur warrior kicks you but does no damage.
The centaur warrior hits you but does no damage.
The centaur warrior kicks you but does no damage.
The centaur warrior hits you!
The centaur warrior kicks you but does no damage.
Okay, then.
Okay, then.
Okay, then.
As you read the scroll of teleportation, it crumbles to dust.
You feel strangely unstable. You block the centaur warrior's attack.
The centaur warrior kicks you but does no damage.
The centaur warrior hits you! You block the centaur warrior's attack.
The centaur warrior hits you.
The centaur warrior kicks you but does no damage.
The centaur warrior wields a +0 shortbow.
The centaur warrior shoots an arrow.
The arrow hits you but does no damage.
The centaur warrior wields a +1 longbow of flaming.
It bursts into flame!
The centaur warrior shoots an arrow.
The arrow hits you but does no damage.
The centaur warrior shoots an arrow.
The arrow hits you!
* * * LOW HITPOINT WARNING * * *
The centaur warrior shoots an arrow.
The arrow hits you!
* * * LOW HITPOINT WARNING * * *
The arrow burns you.
* * * LOW HITPOINT WARNING * * *
The centaur warrior shoots an arrow.
The arrow hits you but does no damage.
The centaur warrior shoots an arrow.
The arrow hits you!
You die...

#......##...............#
######.......#...........###.#
....##....................##.#
....##..##########......#.##.#
........#....H..H#......#..#.#
....}...#.#'####cc..###..#.#.#
........# #.. #.#..# ##.#.#.#
........# #c.H #.#..# #.....#
###.....# #c{..#@#..# ##.#..#
# #.....# #....#.#.## #.#..#
###.###.+ ####+#.#.# #....#
#......# ..#.# ##...#
#......##### ###.# #...#
#........... ..# #...#
#........### ### #...#
##........... ##..#
..........### #..#


You could see 2 centaur warriors and a manticore.

Vanquished Creatures
  A death yak (D:9)
  An ugly thing (D:9)
  A cyclops (D:9)
  2 trolls
  A shadow (D:9)
  A wyvern (D:9)
  A yak (D:9)
  Menkaure (D:5)
  Edmund (D:4)
  A black bear (D:4)
  An ice beast (D:9)
  2 orc warriors (D:9)
  2 wolves (D:8)
  An ogre (D:5)
  3 sky beasts
  3 centaurs
  4 kobold brigands
  3 bullfrogs
  3 scorpions
  A necrophage (D:6)
  3 wights (D:6)
  5 killer bees (D:8)
  6 electric eels
  A howler monkey (D:4)
  8 hounds
  2 jellies (D:8)
  4 orc priests
  A gnoll shaman (D:5)
  4 iguanas
  7 orc wizards
  A centaur simulacrum (D:9)
  6 gnolls (D:5)
  11 adders
  6 white imps
  2 howler monkey simulacra (D:9)
  2 ufetubi (D:9)
  2 worms
  3 dart slugs
  22 orcs
  3 ball pythons
  2 endoplasms (D:4)
  2 giant cockroaches
  9 goblins
  6 hobgoblins
  3 jackals (D:1)
  A quokka (D:2)
  5 bats
  4 frilled lizards
  26 kobolds
  A rat (D:2)
192 creatures vanquished.

Vanquished Creatures (others)
  A vampire (D:9)
  3 fungi (D:1)
  8 plants (D:1)
12 creatures vanquished.

Grand Total: 204 creatures vanquished

Notes
Turn   | Place    | Note
-------+----------+-------------------------------------------
     0 | D:1      | jmlagarto the Hill Orc Fighter began the quest for the Orb.
     0 | D:1      | Reached XP level 1. HP: 19/19 MP: 1/1
   281 | D:1      | Found a faded altar of an unknown god.
   299 | D:1      | You fall into a shaft and drop 1 floor!
   379 | D:2      | Reached skill level 3 in Axes
   379 | D:2      | Reached XP level 2. HP: 7/27 MP: 2/2
   456 | D:2      | Reached XP level 3. HP: 17/33 MP: 3/3
   877 | D:1      | Found Elunavimn's Antique Weapon Boutique.
  1381 | D:1      | Prayed at the altar of an unknown god.
  1381 | D:1      | Became a worshipper of Lugonu the Unformed
  1381 | D:1      | Reached * piety under Lugonu
  1381 | D:1      | Reached ** piety under Lugonu
  2227 | D:2      | Found Riates's General Store.
  2461 | D:2      | Reached XP level 4. HP: 40/40 MP: 4/4
  2663 | D:3      | Found a white marble altar of Elyvilon.
  2704 | D:3      | Found Tomud's Jewellery Shoppe.
  2715 | D:3      | Reached skill level 4 in Axes
  2815 | D:3      | Found a hide-covered altar of Uskayaw.
  3101 | D:3      | Reached XP level 5. HP: 47/47 MP: 5/5
  3361 | D:4      | Noticed a black bear
  3384 | D:4      | Killed a black bear
  3385 | D:4      | Reached skill level 5 in Axes
  3570 | D:4      | Noticed Edmund
  3578 | D:4      | Killed Edmund
  3579 | D:4      | Reached skill level 5 in Fighting
  3579 | D:4      | Reached skill level 6 in Axes
  3579 | D:4      | Reached skill level 1 in Dodging
  3579 | D:4      | Reached XP level 6. HP: 41/56 MP: 6/6
  3814 | D:4      | Reached *** piety under Lugonu
  3822 | D:4      | Found a snail-covered altar of Cheibriados.
  4016 | D:4      | Reached XP level 7. HP: 61/61 MP: 7/7
  4040 | D:5      | Entered Level 5 of the Dungeon
  4171 | D:5      | Reached skill level 7 in Axes
  4172 | D:5      | Found Yggah's Assorted Antiques.
  4187 | D:5      | Reached skill level 5 in Armour
  4528 | D:5      | Noticed Menkaure
  4541 | D:5      | Killed Menkaure
  4542 | D:5      | Reached skill level 8 in Axes
  4753 | D:5      | Reached XP level 8. HP: 52/70 MP: 8/8
  4956 | D:5      | Found a glowing golden altar of the Shining One.
  4957 | D:5      | Found a shimmering blue altar of Sif Muna.
  5263 | D:6      | Reached skill level 9 in Axes
  5859 | D:6      | Reached skill level 10 in Axes
  5871 | D:6      | Found Qiuxele's Armour Emporium.
  6067 | D:7      | Reached XP level 9. HP: 69/79 MP: 9/9
  6112 | D:7      | Found a bloodstained altar of Trog.
  6233 | D:7      | Reached **** piety under Lugonu
  6404 | D:7      | Found a staircase to the Ecumenical Temple.
  6782 | D:8      | Noticed a skeletal warrior
  6782 | D:8      | Noticed a yaktaur
  6783 | D:8      | Found a radiant altar of Vehumet.
  6783 | D:8      | Noticed a deep elf pyromancer
  6783 | D:8      | Noticed a boulder beetle
  6784 | D:8      | Noticed a skeletal warrior
  6788 | D:8      | Found a transporter.
  6811 | D:8      | Reached skill level 11 in Axes
  6912 | D:8      | Reached skill level 5 in Shields
  6945 | D:8      | Found a burning altar of Makhleb.
  7301 | D:8      | Found a stormy altar of Qazlal.
  7307 | D:8      | Found a hazy altar of Hepliaklqana.
  7312 | D:8      | Found a sparkling altar of Nemelex Xobeh.
  7314 | D:8      | Found an iron altar of Okawaru.
  7319 | D:8      | Found a shimmering altar of Xom.
  7328 | D:8      | Noticed a troll
  7344 | D:8      | Killed a troll
  7567 | D:8      | Found a staircase to the Lair.
  7587 | D:8      | Reached skill level 12 in Axes
  7613 | D:8      | HP: 4/81 [killer bee (2)]
  8144 | D:8      | Reached XP level 10. HP: 88/88 MP: 10/10
  8158 | D:8      | Found a transporter.
  8373 | D:9      | Reached ***** piety under Lugonu
  8447 | D:9      | Noticed a death yak
  8475 | D:9      | Killed a death yak
  8779 | D:9      | Noticed a cyclops
  8792 | D:9      | Killed a cyclops
  8793 | D:9      | Reached skill level 13 in Axes
  9401 | D:9      | Noticed a purple ugly thing
  9421 | D:9      | Killed a purple ugly thing
  9867 | D:9      | Noticed a centaur warrior
  9867 | D:9      | Noticed a manticore
  9867 | D:9      | Noticed a centaur warrior
  9896 | D:9      | HP: 4/91 [centaur warrior/arrow (11)]
  9896 | D:9      | HP: 1/91 [centaur warrior/arrow (3)]
  9896 | D:9      | Shot with an arrow by a centaur warrior

Illustrated notes

Levels and vault maps discovered:
D:1:      saegor_arrival_simple_a, layout_loops_ring,
          shapermc_ecumenical_altar_gd, serial_shops, nicolae_shop_stone
D:2:      layout_rooms, serial_shops, nicolae_shop_behind_doors
D:3:      layout_loops_ring, elyvilon_altar_1, overflow_temple_1_default,
          serial_shops, shop, grunt_decor_arrowhead
D:4:      layout_cave_pools, nicolae_overflow_crystal_walls, uniq_edmund
D:5:      layout_rooms, gammafunk_temple_overflow_pools, serial_shops,
          nicolae_shop_statue_plus, uniq_menkaure
D:6:      layout_basic, serial_shops, nicolae_shop_crystal
D:7:      layout_basic, bloody_trog, minmay_temple_entry_purple_smoke
D:8:      layout_loops_ring, gammafunk_temple_overflow_arena,
          nicolae_overflow_hallway_of_the_gods, erik_lair_island
D:9:      layout_basic, serial_ice, serial_ice_c, serial_ice_m, serial_ice_e,
          serial_ice_f, serial_ice_l, serial_ice_h, minivault_25_ag

Skill      XL: |  1  2  3  4  5  6  7  8  9 10 |
---------------+-------------------------------+-----
Axes           | 3 4 6 8 10 12 13 | 13.5
Fighting       | 4 5 7 8 9 |  9.0
Armour         | 4 5 6 7 9 |  9.1
Dodging        | 1 2 |  2.2
Shields        | 4 6 7 |  7.0
Throwing       | |  0.1
Stealth        | |  0.2

Action                   |  1- 3 |  4- 6 |  7- 9 | 10-12 || total
-------------------------+-------+-------+-------+-------++-------
Melee: War axe           |   112 |    71 |   144 |       ||   327
       Hand axe          |       |       |   282 |   190 ||   472
Throw: Stone             |       |       |     1 |       ||     1
  Use: Scroll            |     6 |     3 |    10 |     1 ||    20
       Potion            |       |     2 |     4 |     2 ||     8
Armor: Scale mail        |    60 |    16 |       |       ||    76
       Chain mail        |       |    36 |   219 |    96 ||   351
       Skin              |       |       |     3 |       ||     3
Dodge: Dodged            |    34 |    53 |   165 |    55 ||   307
Block: Buckler           |    33 |    33 |    84 |    33 ||   183

Table legend: (Time is in decaauts)
 A = Elapsed time spent in this place.
 B = Non-inter-level travel time spent in this place.
 C = Inter-level travel time spent in this place.
 D = Time resting spent in this place.
 E = Time spent auto-exploring this place.
 F = Levels seen in this place.
 G = Mean time per level.
                   A        B        C        D        E       F      G
               +--------+--------+--------+--------+--------+-----+--------+
         Total |   9838 |   9600 |    238 |    879 |   6662 |   9 | 1093.1 |
       Dungeon |   9838 |   9600 |    238 |    879 |   6662 |   9 | 1093.1 |
               +--------+--------+--------+--------+--------+-----+--------+

Top non-repeatable levels by time:
     D:9: 1503 daAuts
     D:2: 1491 daAuts
     D:8: 1472 daAuts
     D:1: 1120 daAuts
     D:5: 969 daAuts
     D:6: 946 daAuts
     D:7: 841 daAuts
     D:3: 798 daAuts
     D:4: 695 daAuts
